 Dungeon Crawl Stone Soup version 0.24.0-37-gcf1ca852f1 (webtiles) character file.

Game seed: 12636259489394880133, levelgen mode: deterministic

18205 H0rd4k the Eclecticist (level 12, -20/62 HPs)
             Began as a Deep Elf Wizard on Nov 25, 2019.
             Was an Initiate of Gozag.
             Demolished by an elephant (48 damage)
             ... on level 5 of the Lair of Beasts on Nov 26, 2019.
             The game lasted 01:01:24 (18995 turns).

H0rd4k the Eclecticist (Deep Elf Wizard)           Turns: 18995, Time: 01:01:25

Health: -20/62     AC:  8    Str:  8    XL:     12   Next: 25%
Magic:  24/34      EV: 13    Int: 36    God:    Gozag
Gold:   683        SH:  0    Dex: 13    Spells: 18/44 levels left

rFire    . . .     SeeInvis .   h - +4 quarterstaff "Fit Guwkui" {flame, rC- rN+ Str+4 Int+7}
rCold    + . .     Gourm    .   (shield currently unavailable)
rNeg     + + .     Faith    .   G - +1 leather armour {rN+}
rPois    .         Spirit   .   D - +2 hat
rElec    .         Reflect  .   R - scarf {rC+ rF+}
rCorr    .         Harm     .   r - +1 pair of gloves
MR       +....                  (no boots)
Stlth    +++.......             i - amulet of the acrobat
HPRegen  0.20/turn              L - ring of flight
MPRegen  0.24/turn              K - ring of ice

@: sleeping
A: no striking features
a: Potion Petition, Call Merchant, Bribe Branch, Renounce Religion, Evoke Flight


You were on level 5 of the Lair of Beasts.
You worshipped Gozag.
Gozag was pleased with you.
You were not hungry.

You visited 2 branches of the dungeon, and saw 16 of its levels.

You collected 1702 gold pieces.
You spent 738 gold pieces at shops.
You paid 281 gold pieces to Gozag.

Inventory:

Hand Weapons
 h - the +4 quarterstaff "Fit Guwkui" (weapon) {flame, rC- rN+ Str+4 Int+7}
   (You found it on level 3 of the Lair of Beasts)

   It has been specially enchanted to burn those struck by it, causing extra
   injury to most foes and up to half again as much damage against particularly
   susceptible opponents.
   It affects your strength (+4).
   It affects your intelligence (+7).
   It makes you vulnerable to cold.
   It protects you from negative energy.
 p - a +1 dagger of protection
 t - a +1 dagger of freezing
 v - a +4 hunting sling
 z - a +2 dagger of venom
Missiles
 n - 66 poisoned darts (quivered)
 y - 10 atropa-tipped darts
Armour
 r - a +1 pair of gloves (worn)
 D - a +2 hat (worn)
 G - a +1 leather armour of positive energy (worn)
 R - a scarf of resistance (worn)
Magical Staves
 b - an uncursed staff of fire
Jewellery
 i - an amulet of the acrobat (around neck)
 K - a ring of ice (right hand)
 L - a ring of flight (left hand)
Wands
 g - a wand of scattershot (6)
 q - a wand of acid (12)
 u - a wand of random effects (18)
 F - a wand of iceblast (4)
 H - a wand of enslavement (15)
 S - a wand of flame (18)
Scrolls
 a - 2 scrolls of enchant armour
 e - 3 scrolls of teleportation
 k - 7 scrolls of amnesia
 l - 3 scrolls of remove curse
 A - 2 scrolls of identify
 I - 2 scrolls of magic mapping
 M - 2 scrolls of vulnerability
Potions
 c - 2 potions of heal wounds
 f - 5 potions of might
 j - 5 potions of curing
 m - a potion of agility
 o - a potion of brilliance
 s - a potion of mutation
 w - a potion of ambrosia
 x - a potion of flight
 B - a potion of invisibility
 C - 2 potions of haste
 E - a potion of berserk rage {unknown}
 J - a potion of lignification
 N - 3 potions of resistance {unknown}
 O - 3 potions of degeneration {unknown}
Comestibles
 d - 18 rations


   Skills:
 + Level 1.7 Fighting
 + Level 4.9 Dodging
 + Level 5.0 Stealth
 + Level 16.9 Spellcasting
 + Level 12.6 Conjurations
 + Level 0.5 Hexes
 + Level 4.1 Charms
   Level 1.1 Summonings
 + Level 2.8 Translocations
 + Level 4.7 Fire Magic
 + Level 3.1 Air Magic
 + Level 3.2 Poison Magic
 + Level 1.3 Evocations


You had 18 spell levels left.
You knew the following spells:

 Your Spells              Type           Power        Failure   Level  Hunger
a - Magic Dart            Conj           ####         0%          1    None
b - Blink                 Tloc           N/A          1%          2    None
c - Conjure Flame         Conj/Fire      #######.     1%          3    None
d - Mephitic Cloud        Conj/Pois/Air  ######..     1%          3    None
e - Shroud of Golubria    Chrm/Tloc      ######       1%          2    None
f - Tukima's Dance        Hex            ####....     4%          3    None
g - Sticky Flame          Conj/Fire      #######.     1%          4    None
h - Inner Flame           Hex/Fire       #####...     1%          3    None
i - Fireball              Conj/Fire      #######...   1%          5    None

Your spell library contained the following spells:

 Spells                   Type           Power        Failure   Level  Hunger
 Animate Skeleton         Necr           N/A          1%          1    None
 Apportation              Tloc           ######       1%          1    None
 Confusing Touch          Hex            ####..       1%          1    None
 Flame Tongue             Conj/Fire      #####        1%          1    None
 Infusion                 Chrm           ####         1%          1    None
 Summon Butterflies       Summ           #####...     1%          1    None
 Summon Small Mammal      Summ           ####         1%          1    None
 Call Imp                 Summ           #####...     1%          2    None
 Slow                     Hex            ####....     1%          2    None
 Song of Slaying          Chrm           ######..     1%          2    None
 Throw Flame              Conj/Fire      ######       1%          2    None
 Lesser Beckoning         Tloc           ######....   1%          3    None
 Spectral Weapon          Hex/Chrm       #####...     1%          3    None
 Regeneration             Chrm/Necr      #####.....   2%          3    None
 Alistair's Intoxication  Tmut/Pois      #####...     24%         5    None
 Invisibility             Hex            ####....     90%         6    None


Dungeon Overview and Level Annotations

Branches:
Dungeon (11/15)            Temple (0/1) D:7            Lair (5/6) D:10
  Swamp (0/4) Lair:4       Spider (0/4) Lair:4          Orc (0/2) D:10
  Slime: Lair:5-6

Altars:
Dithmenos
Elyvilon
Gozag
Makhleb
Qazlal
Trog
Wu Jian
Xom
Zin

Shops:
D:4 [   D:9 :*

Annotations:
D:2 exclusion: downstairs
D:5 exclusion: 2 downstairs
D:8 Maurice, Psyche
D:9 exclusion: downstairs
D:10 exclusion: downstairs
Lair:3 Gastronok
Lair:4 exclusion: 2 downstairs


Message History

The elephant burns!
The elephant burns!
The elephant burns!
The elephant burns!
The elephant stops burning.
A dream sheep comes into view.
A dream sheep comes into view.
The dream sheep bleats! x2; You hear a bleat!
The dream sheep shake their wool and sparkle.
You feel drowsy...
You fall asleep.
The elephant tramples you but does no damage.
The elephant closely misses you.
You wake up.
Unknown command.
The dream sheep bleats!
The elephant trumpets!
The dream sheep bleats!
The dream sheep shake their wool and sparkle.
You feel drowsy...
You fall asleep.
The elephant tramples you!!!
Ouch! That really hurt!
You die...
Your body crumbles into a pile of gold.

.#.#P #PP...#.#...#
.....#.#P....$.$...##
......###.....PP....# ...
........##...###...## ...#
.............##....##....#
..............#.....#.....
..............##....#P....
.......###....#..$<.PP....
....$..##.....#.@........#
....$...#......Y..........
.......####...Y...........
.....#$#......##...###....
.##.###.#.....##..(## ....
#...#.....#.##.Y#.# ...
...#....Y####.YY.##P ..
.........####YYY......
...........##...Y#.###..


You could see 5 elephants and 3 dream sheep.

Vanquished Creatures
  2 hydras
  A cyclops (D:9)
  A black mamba (Lair:5)
  2 spiny frogs
  A komodo dragon (D:10)
  A troll (D:8)
  A hornet (D:9)
  2 tyrant leeches (Lair:4)
  Prince Ribbit (D:9)
  12 blink frogs
  7 dream sheep (Lair:4)
  7 hippogriffs
  Sigmund (D:6)
  2 wyverns (D:9)
  2 basilisks
  17 yaks
  4 humans (D:9)
  A hungry ghost (D:7)
  Edmund (D:6)
  Duvessa (D:6)
  6 porcupines
  7 water moccasins
  4 sky beasts
  2 eyes of draining
  3 orc warriors (D:10)
  An ice beast (D:8)
  A black bear (D:7)
  A necrophage (D:10)
  5 ogres
  A phantom (D:10)
  4 centaurs
  3 crocodiles
  A big kobold (D:8)
  5 bullfrogs
  A scorpion (D:5)
  A water moccasin skeleton (D:4)
  Dowan (D:6)
  3 killer bees (D:9)
  4 crimson imps
  2 bullfrog zombies
  A gnoll shaman (D:10)
  8 orc priests
  A quasit (D:7)
  2 bullfrog skeletons
  4 hounds
  3 jellies (D:8)
  6 orc wizards
  A centaur skeleton (D:6)
  Ijyb (D:3)
  2 iguanas
  5 worker ants
  Terence (D:3)
  Robin (D:4)
  A worker ant zombie (D:6)
  3 gnolls (D:10)
  4 adders
  2 shadow imps
  9 oozes
  2 adder skeletons
  2 worms
  3 dart slugs
  11 leopard geckos
  70 orcs
  6 bats
  6 giant cockroaches
  22 goblins
  11 hobgoblins
  5 jackals
  9 kobolds
  7 quokkas
  2 ball pythons
  6 frilled lizards
  A jackal skeleton (D:4)
  A jackal zombie (D:6)
  A quokka skeleton (D:5)
  14 rats
  A fungus (Lair:4)
358 creatures vanquished.

Vanquished Creatures (others)
  10 fungi
  26 plants
36 creatures vanquished.

Grand Total: 394 creatures vanquished

Notes
Turn   | Place    | Note
-------+----------+-------------------------------------------
     0 | D:1      | H0rd4k the Deep Elf Wizard began the quest for the Orb.
     0 | D:1      | Reached XP level 1. HP: 10/10 MP: 7/7
   111 | D:1      | Reached skill level 5 in Spellcasting
   168 | D:1      | Reached XP level 2. HP: 15/15 MP: 2/10
   552 | D:1      | Reached XP level 3. HP: 19/19 MP: 2/12
   556 | D:1      | Learned a level 2 spell: Blink
   560 | D:1      | Learned a level 3 spell: Conjure Flame
   564 | D:1      | Learned a level 3 spell: Mephitic Cloud
  1145 | D:2      | Reached XP level 4. HP: 24/24 MP: 6/13
  1226 | D:2      | Reached skill level 6 in Spellcasting
  1985 | D:3      | Found a white marble altar of Elyvilon.
  2069 | D:3      | Reached XP level 5. HP: 28/28 MP: 9/16
  2198 | D:3      | Reached skill level 7 in Spellcasting
  2227 | D:3      | Noticed Terence
  2291 | D:3      | Noticed Ijyb
  2492 | D:3      | Killed Ijyb
  3192 | D:4      | Found Xaple's Antique Armour Shoppe.
  3277 | D:4      | Found a stormy altar of Qazlal.
  3278 | D:4      | Found a shadowy altar of Dithmenos.
  3305 | D:4      | Noticed a sky beast
  3407 | D:4      | Killed a sky beast
  3407 | D:4      | Reached XP level 6. HP: 32/32 MP: 5/18
  3501 | D:4      | Reached skill level 8 in Spellcasting
  3725 | D:4      | Noticed Robin
  3736 | D:4      | Killed Robin
  3818 | D:5      | Entered Level 5 of the Dungeon
  4054 | D:4      | Reached XP level 7. HP: 36/36 MP: 16/20
  4239 | D:5      | Reached skill level 9 in Spellcasting
  4239 | D:5      | Reached skill level 5 in Conjurations
  4243 | D:5      | Found a glowing silver altar of Zin.
  4243 | D:5      | Noticed an angel
  4244 | D:5      | Found a shimmering altar of Xom.
  5047 | D:6      | Reached XP level 8. HP: 41/41 MP: 16/23
  5285 | D:6      | Reached skill level 10 in Spellcasting
  5309 | D:6      | Reached skill level 1 in Poison Magic
  5656 | D:6      | Noticed Duvessa
  5656 | D:6      | Noticed Dowan
  5892 | D:6      | Killed Dowan
  5935 | D:6      | Killed Duvessa
  5935 | D:6      | Reached skill level 1 in Fire Magic
  6001 | D:6      | Noticed Edmund
  6024 | D:6      | Killed Edmund
  6024 | D:6      | Reached skill level 11 in Spellcasting
  6213 | D:6      | Noticed Sigmund
  6234 | D:6      | Killed Sigmund
  6282 | D:6      | Found an opulent altar of Gozag.
  6527 | D:7      | Found a staircase to the Ecumenical Temple.
  6539 | D:7      | Reached XP level 9. HP: 45/46 MP: 17/26
  6569 | D:7      | Reached skill level 12 in Spellcasting
  6732 | D:7      | Found an ornate altar of the Wu Jian Council.
  7259 | D:8      | Found a burning altar of Makhleb.
  7362 | D:8      | Reached skill level 1 in Fighting
  7474 | D:8      | Noticed Psyche
  7713 | D:8      | Noticed a troll
  7747 | D:8      | Killed a troll
  7747 | D:8      | Reached skill level 13 in Spellcasting
  7989 | D:8      | Noticed Maurice
  8617 | D:9      | Noticed Prince Ribbit
  8629 | D:9      | Killed Prince Ribbit
  8736 | D:9      | Reached XP level 10. HP: 52/52 MP: 6/29
  9133 | D:9      | Found Hytupoicw's General Store.
  9180 | D:9      | Found Zuafuzai's Book Emporium.
  9237 | D:9      | Reached skill level 14 in Spellcasting
  9404 | D:9      | Noticed a cyclops
  9871 | D:9      | Killed a cyclops
  9871 | D:9      | Reached skill level 10 in Conjurations
  9871 | D:9      | Reached skill level 1 in Air Magic
 10132 | D:9      | Identified the +5 scale mail "Liskux" {+Inv rElec MR-
                  | Int+4}
 10308 | D:9      | Noticed a moth of wrath
 10311 | D:9      | Found a bloodstained altar of Trog.
 10528 | D:10     | Entered Level 10 of the Dungeon
 11007 | D:10     | Reached skill level 5 in Stealth
 11524 | D:10     | Found a staircase to the Orcish Mines.
 11588 | D:10     | Reached skill level 15 in Spellcasting
 11917 | D:10     | Found a staircase to the Lair.
 12774 | D:6      | Became a worshipper of Gozag Ym Sagoz the Greedy
 12818 | D:4      | Bought an embroidered scarf for 248 gold pieces
 12878 | D:3      | Killed Terence
 13153 | Lair:1   | Entered Level 1 of the Lair of Beasts
 13190 | Lair:1   | Reached XP level 11. HP: 53/56 MP: 23/32
 13240 | Lair:1   | Learned a level 2 spell: Shroud of Golubria
 13244 | Lair:1   | Learned a level 3 spell: Tukima's Dance
 13292 | Lair:1   | Noticed an eight-headed hydra
 13320 | Lair:1   | Killed an eight-headed hydra
 13689 | Lair:1   | Reached skill level 1 in Evocations
 15143 | D:9      | Bought a book of Flames for 490 gold pieces
 15148 | D:9      | Learned a level 4 spell: Sticky Flame
 15152 | D:9      | Learned a level 3 spell: Inner Flame
 15158 | D:9      | Learned a level 5 spell: Fireball
 15841 | Lair:2   | Reached skill level 16 in Spellcasting
 16438 | Lair:3   | Got a polished quarterstaff
 16611 | Lair:3   | Noticed Gastronok
 16938 | Lair:3   | Reached skill level 1 in Charms
 17395 | Lair:4   | Identified the +4 quarterstaff "Fit Guwkui" {flame, rC- rN+
                  | Str+4 Int+7} (You found it on level 3 of the Lair of
                  | Beasts)
 17565 | Lair:4   | Found a hole to the Spider Nest.
 17844 | Lair:4   | Reached XP level 12. HP: 51/61 MP: 24/34
 18031 | Lair:4   | Found a staircase to the Swamp.
 18199 | Lair:4   | Noticed a seven-headed hydra
 18207 | Lair:4   | Killed a seven-headed hydra
 18995 | Lair:5   | Demolished by an elephant

Levels and vault maps discovered:
D:1:      dpeg_arrival_round_a, layout_loops_ring, corner_web_ring
D:2:      layout_basic
D:3:      layout_loops_cross, elyvilon_altar_5, first_ration, kennysheep_potato,
          uniq_ijyb, uniq_terence
D:4:      minmay_chambers_of_threes, layout_rooms,
          chequers_temple_overflow_statue_of_worship, serial_shops,
          nicolae_shop_statue_plus, ebering_dispersal_statue_hall, uniq_robin
D:5:      layout_gridville, grunt_temple_overflow_order_and_chaos_1
D:6:      layout_basic, grunt_gozag_breadcrumbs, uniq_edmund, uniq_sigmund,
          uniq_duvessa
D:7:      layout_loops_cross, lemuel_doored_altar, temple_pool_b
D:8:      minmay_spotlight, layout_basic, kennysheep_mini, special_room
          [special_room_orc], serial_rivers, chequers_serial_rivers_large_b,
          chequers_serial_rivers_room_a, chequers_serial_rivers_micro_e,
          chequers_serial_rivers_small_a, chequers_serial_rivers_micro_e,
          hangedman_little_slice_of_home, grunt_qazlal_clouds, uniq_maurice,
          uniq_psyche
D:9:      layout_loops_ring, tgw_trog, serial_shops, shop,
          nicolae_shop_window_shopping, minmay_ruffians, uniq_prince_ribbit1
D:10:     layout_basic, david_lair_shrubbed, hiddenorc2_lemuel
D:11:     layout_grid_maze, serial_glass, glass_columns_c, glass_columns_c,
          glass_columns_b, minmay_misc_feat_secret_circle
Lair:1:   layout_chaotic_city, wad_woods_03, serial_bayou_shore_b,
          grunt_megastairs_1
Lair:2:   layout_gridlike
Lair:3:   layout_cave_pods, infiniplex_staircase_pool, uniq_gastronok
Lair:4:   layout_loops_ring, minmay_swamp_entry_worms, spider_nest_entry_a
Lair:5:   layout_concentric_octagons, slime_altar_2, minivault_19,
          chequers_serial_rivers_micro_a, minivault_26

Skill      XL: |  1  2  3  4  5  6  7  8  9 10 11 12 |
---------------+-------------------------------------+-----
Spellcasting   | 5 6 7 8 9 11 13 15 16 | 16.9
Dodging        | 3 4 |  4.9
Conjurations   | 2 3 4 5 7 9 10 12 | 12.6
Stealth        | 3 4 5 |  5.0
Poison Magic   | 1 3 |  3.2
Fire Magic     | 1 2 3 4 |  4.7
Fighting       | 1 |  1.7
Air Magic      | 2 3 |  3.1
Translocations | 2 |  2.8
Evocations     | 1 |  1.3
Charms         | 3 4 |  4.1
Hexes          | |  0.5
Summonings     | |  1.1

Action                   |  1- 3 |  4- 6 |  7- 9 | 10-12 || total
-------------------------+-------+-------+-------+-------++-------
Melee: Quarterstaff      |       |       |       |     1 ||     1
 Cast: Magic Dart        |   104 |   218 |   392 |   654 ||  1368
       Mephitic Cloud    |       |     2 |     8 |    34 ||    44
       Conjure Flame     |       |     6 |    33 |    67 ||   106
       Blink             |       |     2 |     3 |    13 ||    18
       Inner Flame       |       |       |       |     2 ||     2
       Sticky Flame      |       |       |       |     8 ||     8
       Shroud of Golubri |       |       |       |     1 ||     1
       Fireball          |       |       |       |     9 ||     9
Evoke: Wand              |       |       |     2 |     3 ||     5
  Use: Scroll            |       |       |     8 |    17 ||    25
       Potion            |       |       |     1 |       ||     1
  Eat: Chunk             |       |     9 |     4 |     9 ||    22
       Ration            |       |       |     3 |     7 ||    10
Armor: Robe              |     1 |     1 |    16 |    15 ||    33
       Leather armour    |       |       |       |     3 ||     3
Dodge: Dodged            |     2 |    24 |    70 |   119 ||   215
